Little Stars vs Wolfpack
Created - April 3, 2022 at 19:25
Goals
|
Little Stars |
2 |
1 |
0 |
0 |
1 |
3 |
Wolfpack |
1 |
2 |
0 |
0 |
2 |
4 |
|
Shots
|
Little Stars |
8 |
14 |
13 |
0 |
6 |
35 |
Wolfpack |
16 |
9 |
5 |
2 |
6 |
32 |
|
1st period
1. Little Stars , Ilya Mikheyev 31 (Daniel O'regan 48) at 5:50 (PP)
2. Wolfpack , Seth Griffith 19 (Ryan Dzingel 17) at 11:01
3. Little Stars , Daniel O'regan 19 (Jordan LaVallee 34, Eric Knodel 12) at 14:13
Penalties :
Colton White (Har) for Interference (Minor) at 5:40, Steven Santini (Har) for Holding (Minor) at 7:04, Dave Dziurzynski (Har) for Interference (Minor) at 19:22
2nd period
4. Wolfpack , Henrik Samuelsson 17 (Sebastian Collberg 24) at 1:55 (PP)
5. Little Stars , Ilya Mikheyev 32 (Tyler Wotherspoon 22, Daniel O'regan 49) at 14:32
6. Wolfpack , Samuel Blais 18 (Sebastian Collberg 25, Derrick Pouliot 19) at 19:40
Penalties :
Sebastian Wannstrom (Tex) for Interference (Minor) at 0:32, Maxime Sauvé (Har) for Holding (Minor) at 2:17, Connor Knapp (Tex) for Slashing (Minor) at 5:14 - Daniil Tarasov served the penalty, Dave Dziurzynski (Har) for Delaying the game (Minor) at 11:26, Stefan Noesen (Har) for Interference (Minor) at 17:13
3rd period
No Goal
Penalties :
Stefan Noesen (Har) for Cross-checking (Minor) at 1:18, David Pope (Har) for Charging (Minor) at 5:56, Dave Dziurzynski (Har) for Holding Stick (Minor) at 15:09
Overtime #1
No Goal
Penalties :
No Penalty
Shootout
Little Stars, Jordan LaVallee - Shot Misses the Net
Wolfpack, Maxime Sauvé - Stopped by Connor Knapp
Little Stars, Ilya Mikheyev - Stopped by Samuel Montembeault
Wolfpack, Stefan Noesen - Stopped by Connor Knapp
Little Stars, Daniel O'regan - Shot Misses the Net
Wolfpack, Dave Dziurzynski - Stopped by Connor Knapp
Little Stars, Sebastian Wannstrom - Shot Misses the Net
Wolfpack, David Pope - Shot Misses the Net
Little Stars, Zach Budish - Goal!
Wolfpack, Seth Griffith - Goal!
Little Stars, Jason Dickinson - Shot Misses the Net
Wolfpack, Ryan Dzingel - Goal!
Penalties :
No Penalty
Goalie Stats
Connor Knapp (Tex), 29 saves from 32 shots - (0.906), OTL, 15-12-4, 65:00 minutes
Samuel Montembeault (Har), 32 saves from 35 shots - (0.914), W, 17-13-2, 65:00 minutes
Players Stats for Little Stars
Player Name G A P +/- PIM S H SB GA TA FO MP PP MP PK MP
------------------------------------------------------------------------------------
Anton Cederholm 0 0 0 1 0 5 3 4 1 0 0/0 30:47 9:58 1:26
Daniel O'regan 1 2 3 1 0 2 2 0 2 0 18/42 25:59 8:26 1:23
Daniil Tarasov 0 0 0 -1 0 2 3 0 0 1 0/0 7:36 0:02 0:00
Emile Poirier 0 0 0 0 0 3 1 0 0 0 0/0 13:04 0:02 0:46
Eric Knodel 0 1 1 1 0 4 2 1 0 1 0/0 21:30 5:15 1:07
Ilya Mikheyev 2 0 2 1 0 5 1 0 0 0 0/0 21:56 8:26 0:00
Jason Dickinson 0 0 0 0 0 4 0 0 0 0 2/10 19:36 6:45 0:24
Jordan LaVallee 0 1 1 1 0 4 1 0 0 0 2/4 25:56 8:26 1:22
Michael Mersch 0 0 0 0 0 0 3 0 0 0 1/1 19:23 6:45 0:24
Radel Fazleev 0 0 0 -1 0 0 0 0 0 0 3/5 6:43 0:00 0:00
Reece Willcox 0 0 0 1 0 0 0 0 1 1 0/0 21:30 5:15 1:07
Roman Horak 0 0 0 0 0 0 2 0 1 1 1/3 9:54 0:00 0:00
Sebastian Wannstrom 0 0 0 0 2 1 1 0 0 1 1/1 17:11 6:44 0:00
Shane Gersich 0 0 0 -1 0 0 0 1 0 0 0/0 6:36 0:00 0:00
Tucker Poolman 0 0 0 -2 0 1 0 1 1 0 0/0 12:43 0:00 0:00
Tyler Wotherspoon 0 1 1 1 0 4 2 0 1 2 0/0 30:47 9:58 1:26
Ville Pokka 0 0 0 -2 0 0 1 1 0 0 0/0 12:43 0:00 0:00
Zach Budish 0 0 0 0 0 0 2 0 0 0 1/1 12:43 0:02 0:47
Players Stats for Wolfpack
Player Name G A P +/- PIM S H SB GA TA FO MP PP MP PK MP
------------------------------------------------------------------------------------
Alexander Barabanov 0 0 0 -1 0 0 1 0 0 0 0/0 5:15 0:00 0:00
Colton White 0 0 0 1 2 0 1 1 0 0 0/0 11:33 0:00 0:32
Connor Chatam 0 0 0 -1 0 2 1 0 0 0 0/1 6:03 0:22 0:00
Dave Dziurzynski 0 0 0 -1 6 2 2 2 1 0 0/1 18:52 1:02 4:23
David Pope 0 0 0 1 2 1 0 0 0 0 0/0 14:53 0:10 2:03
Derrick Pouliot 0 1 1 0 0 1 0 1 2 0 0/0 26:27 1:09 9:35
Henrik Samuelsson 1 0 1 0 0 1 0 1 1 0 3/5 9:39 1:31 2:34
Kevin Roy 0 0 0 0 0 1 0 0 1 0 2/4 12:24 0:00 2:02
Maxime Sauvé 0 0 0 -1 2 4 1 0 0 1 18/36 24:01 1:02 7:05
Mikhail Sergachev 0 0 0 -1 0 1 3 1 0 1 0/0 27:36 1:24 5:38
Ryan Culkin 0 0 0 1 0 0 0 0 0 0 0/0 11:36 0:00 0:39
Ryan Dzingel 0 1 1 1 0 1 1 1 0 2 0/0 12:00 0:00 0:48
Samuel Blais 1 0 1 1 0 3 0 0 0 0 2/2 14:15 1:21 0:00
Sebastian Collberg 0 2 2 1 0 2 1 0 1 0 2/2 13:00 1:31 0:00
Seth Griffith 1 0 1 1 0 4 3 1 0 1 6/11 17:52 0:00 5:27
Stefan Noesen 0 0 0 -1 4 6 2 1 1 0 5/5 25:29 0:40 6:04
Steven Santini 0 0 0 0 2 1 0 2 0 1 0/0 25:17 1:09 8:24
Vince Dunn 0 0 0 -1 0 2 2 2 0 1 0/0 27:37 1:24 5:38
3 Stars
1 - Daniel O'regan (Tex)
2 - Ilya Mikheyev (Tex)
3 - Seth Griffith (Har)
Power Play
Little Stars - 1 on 9 Attempt(s) - 11.11%
Wolfpack - 1 on 2 Attempt(s) - 50.00%
Penalty Kill
Little Stars - 1 on 2 Attempt(s) - 50.00%
- Score 0 goal in Penalty Kill
Wolfpack - 8 on 9 Attempt(s) - 88.89%
- Score 0 goal in Penalty Kill
Team Stat
Little Stars - Hits : 24 - Faceoff Wins : 29 - Blocked Shots : 8 - Penalty Minutes : 4
Wolfpack - Hits : 18 - Faceoff Wins : 38 - Blocked Shots : 13 - Penalty Minutes : 18
Official
Referees : Ian Walsh and Dan Kelly
Linesman : Shandor Alphonso and Tyson Baker
Game Notes
Henrik Samuelsson is injured at 14:24 of 2nd period (Right Foot)
Finance
Level 1 -- Attendance: 1714 (85.70%) -- Ticket Income $59,990
Level 2 -- Attendance: 1000 (100.00%) -- Ticket Income $15,000
Total Attendance: 2714 (90.47%)
Total Ticket Income: $74,990
Other Income: $3,750
Total Income: $78,740
Little Stars
5 vs 5 Forward
Center Left Wing Right Wing Time % Phy DF OF
1 Daniel O'regan Jordan LaVallee Ilya Mikheyev 40 1 2 2
2 Jason Dickinson Michael Mersch Sebastian Wannstrom 30 1 2 2
3 Roman Horak Emile Poirier Zach Budish 20 1 2 2
4 Radel Fazleev Shane Gersich Daniil Tarasov 10 1 2 2
5 vs 5 Defense
Defense Defense Time % Phy DF OF
1 Tyler Wotherspoon Anton Cederholm 40 1 2 2
2 Eric Knodel Reece Willcox 30 1 2 2
3 Tucker Poolman Ville Pokka 20 1 2 2
4 Tyler Wotherspoon Anton Cederholm 10 1 2 2
PowerPlay Forward
Center Left Wing Right Wing Time % Phy DF OF
1 Daniel O'regan Jordan LaVallee Ilya Mikheyev 60 1 2 2
2 Jason Dickinson Michael Mersch Sebastian Wannstrom 40 1 2 2
PowerPlay Defense
Defense Defense Time % Phy DF OF
1 Tyler Wotherspoon Anton Cederholm 60 1 2 2
2 Eric Knodel Reece Willcox 40 1 2 2
Penalty Kill 4 Players Forward
Center Wing Time % Phy DF OF
1 Daniel O'regan Jordan LaVallee 60 1 2 2
2 Jason Dickinson Michael Mersch 40 1 2 2
Penalty Kill 4 Players Defense
Defense Defense Time % Phy DF OF
1 Tyler Wotherspoon Anton Cederholm 60 1 2 2
2 Eric Knodel Reece Willcox 40 1 2 2
Penalty Kill - 3 Players Forward
Forward Time % Phy DF OF
1 Daniel O'regan 60 1 2 2
2 Jason Dickinson 40 1 2 2
Penalty Kill - 3 Players Defense
Defense Defense Time % Phy DF OF
1 Tyler Wotherspoon Anton Cederholm 60 1 2 2
2 Eric Knodel Reece Willcox 40 1 2 2
4 vs 4 Forward
Center Wing Time % Phy DF OF
1 Daniel O'regan Jordan LaVallee 60 1 2 2
2 Jason Dickinson Michael Mersch 40 1 2 2
4 vs 4 Defense
Defense Defense Time % Phy DF OF
1 Tyler Wotherspoon Anton Cederholm 60 1 2 2
2 Eric Knodel Reece Willcox 40 1 2 2
Last Minutes Offensive
Center Left Wing Right Wing Defense Defense
Daniel O'regan Jordan LaVallee Ilya Mikheyev Tyler Wotherspoon Anton Cederholm
Last Minutes Defensive
Center Left Wing Right Wing Defense Defense
Daniel O'regan Jordan LaVallee Ilya Mikheyev Tyler Wotherspoon Anton Cederholm
Goaltenders
Starting : Connor Knapp
Backup : Dustin Tokarski
Extra Forwards
Normal : Zach Budish, Michael Mersch, Emile Poirier - PP : Zach Budish, Michael Mersch - PK : Zach Budish
Extra Defensemen
Normal : Reece Willcox, Tucker Poolman, Ville Pokka - PP : Reece Willcox - PK : Reece Willcox, Tucker Poolman
Penalty Shots
Jordan LaVallee, Ilya Mikheyev, Daniel O'regan, Sebastian Wannstrom, Zach Budish
Scratches
Jean-Christophe Beaudin (Healthy), Justin Auger (Healthy), Lawrence Pilut (Healthy), Rudolfs Balcers (Healthy), Yakov Trenin (Healthy)
Henrik Borgstrom (Chest/Ribs Injury), Frederic Allard (Healthy), Matt Luff (Healthy), Joey Anderson (Healthy), Jonathan Dahlen (Healthy)
Givani Smith (Healthy)
Wolfpack
5 vs 5 Forward
Center Left Wing Right Wing Time % Phy DF OF
1 Maxime Sauvé Dave Dziurzynski Stefan Noesen 40 1 2 2
2 Henrik Samuelsson Samuel Blais Sebastian Collberg 30 1 2 2
3 Seth Griffith Ryan Dzingel David Pope 20 1 2 2
4 Kevin Roy Alexander Barabanov Connor Chatam 10 1 2 2
5 vs 5 Defense
Defense Defense Time % Phy DF OF
1 Vince Dunn Mikhail Sergachev 40 1 2 2
2 Derrick Pouliot Steven Santini 30 1 2 2
3 Ryan Culkin Colton White 20 1 2 2
4 Vince Dunn Mikhail Sergachev 10 1 2 2
PowerPlay Forward
Center Left Wing Right Wing Time % Phy DF OF
1 Maxime Sauvé Dave Dziurzynski Stefan Noesen 60 1 2 2
2 Henrik Samuelsson Samuel Blais Sebastian Collberg 40 1 2 2
PowerPlay Defense
Defense Defense Time % Phy DF OF
1 Vince Dunn Mikhail Sergachev 60 1 2 2
2 Derrick Pouliot Steven Santini 40 1 2 2
Penalty Kill 4 Players Forward
Center Wing Time % Phy DF OF
1 Maxime Sauvé Stefan Noesen 60 1 2 2
2 Dave Dziurzynski Henrik Samuelsson 40 1 2 2
Penalty Kill 4 Players Defense
Defense Defense Time % Phy DF OF
1 Derrick Pouliot Steven Santini 60 1 2 2
2 Vince Dunn Mikhail Sergachev 40 1 2 2
Penalty Kill - 3 Players Forward
Forward Time % Phy DF OF
1 Maxime Sauvé 60 1 2 2
2 Stefan Noesen 40 1 2 2
Penalty Kill - 3 Players Defense
Defense Defense Time % Phy DF OF
1 Derrick Pouliot Steven Santini 60 1 2 2
2 Vince Dunn Mikhail Sergachev 40 1 2 2
4 vs 4 Forward
Center Wing Time % Phy DF OF
1 Maxime Sauvé Stefan Noesen 60 1 2 2
2 Dave Dziurzynski Henrik Samuelsson 40 1 2 2
4 vs 4 Defense
Defense Defense Time % Phy DF OF
1 Vince Dunn Mikhail Sergachev 60 1 2 2
2 Derrick Pouliot Steven Santini 40 1 2 2
Last Minutes Offensive
Center Left Wing Right Wing Defense Defense
Maxime Sauvé Dave Dziurzynski Stefan Noesen Derrick Pouliot Steven Santini
Last Minutes Defensive
Center Left Wing Right Wing Defense Defense
Maxime Sauvé Dave Dziurzynski Stefan Noesen Derrick Pouliot Steven Santini
Goaltenders
Starting : Samuel Montembeault
Backup : Mike Condon
Extra Forwards
Normal : Samuel Blais, Stefan Noesen, Henrik Samuelsson - PP : Samuel Blais, Stefan Noesen - PK : Seth Griffith
Extra Defensemen
Normal : Derrick Pouliot, Ryan Culkin, Colton White - PP : Mikhail Sergachev - PK : Ryan Culkin, Colton White
Penalty Shots
Maxime Sauvé, Stefan Noesen, Dave Dziurzynski, Henrik Samuelsson, David Pope
Scratches
Adam Lowry (Healthy), Dryden Hunt (Healthy), Jacob Middleton (Healthy), Jake Marchment (Healthy), Joel Kiviranta (Healthy)
Joshua Jacobs (Healthy), Keegan Kolesar (Healthy), Mikhail Vorobyev (Healthy), Will Borgen (Healthy), Alex Barre-Boulet (Healthy)
Andrew Peeke (Healthy), Dante Fabbro (Healthy), Jeffrey Viel (Healthy), Yegor Korshkov (Healthy), Jake Paterson (Healthy)
% Time on Ice - Little Stars
Lines # - Real PCT - Wanted PCT - Time Play
Normal Forward
1 - 34% - 40% - 14:06
2 - 26% - 30% - 10:57
3 - 24% - 20% - 9:54
4 - 16% - 10% - 6:28
Normal Defense
1 - 38% - 40% - 15:35
2 - 31% - 30% - 12:51
3 - 29% - 20% - 12:05
4 - 2% - 10% - 0:54
PP Forward
1 - 56% - 60% - 8:28
2 - 44% - 40% - 6:45
PP Defense
1 - 65% - 60% - 9:58
2 - 35% - 40% - 5:15
PK Forward
1 - 84% - 60% - 2:09
2 - 16% - 40% - 0:24
PK Defense
1 - 56% - 60% - 1:26
2 - 44% - 40% - 1:07
PK3 Forward
1 - 0% - 60%
2 - 0% - 40%
PK3 Defense
1 - 0% - 60%
2 - 0% - 40%
44 Forward
1 - 90% - 60% - 5:14
2 - 10% - 40% - 0:35
44 Defense
1 - 61% - 60% - 3:32
2 - 39% - 40% - 2:17
Last Minute Offensive - 0:00
Last Minute Defensive - 0:00
Total
Forward - 65:00
Defense - 65:00
|
% Time on Ice - Wolfpack
Lines # - Real PCT - Wanted PCT - Time Play
Normal Forward
1 - 32% - 40% - 13:06
2 - 30% - 30% - 12:29
3 - 26% - 20% - 10:35
4 - 13% - 10% - 5:15
Normal Defense
1 - 43% - 40% - 17:37
2 - 33% - 30% - 13:34
3 - 24% - 20% - 9:47
4 - 1% - 10% - 0:27
PP Forward
1 - 41% - 60% - 1:02
2 - 59% - 40% - 1:31
PP Defense
1 - 55% - 60% - 1:24
2 - 45% - 40% - 1:09
PK Forward
1 - 74% - 60% - 11:12
2 - 26% - 40% - 4:01
PK Defense
1 - 63% - 60% - 9:35
2 - 37% - 40% - 5:38
PK3 Forward
1 - 0% - 60%
2 - 0% - 40%
PK3 Defense
1 - 0% - 60%
2 - 0% - 40%
44 Forward
1 - 95% - 60% - 5:30
2 - 5% - 40% - 0:19
44 Defense
1 - 68% - 60% - 3:57
2 - 32% - 40% - 1:52
Last Minute Offensive - 0:00
Last Minute Defensive - 0:00
Total
Forward - 65:00
Defense - 65:00
|
Play-by-Play
1st period
0:01 of 1st period - Maxime Sauvé wins face-off versus Daniel O'regan in neutral zone.
0:14 of 1st period - Snap shot by Stefan Noesen.
0:14 of 1st period - Stopped by Connor Knapp without a rebound.
0:15 of 1st period - Henrik Samuelsson wins face-off versus Jason Dickinson in Little Stars zone.
0:42 of 1st period - Steven Santini is hit by Roman Horak and loses puck.
1:02 of 1st period - Snap shot by Seth Griffith.
1:02 of 1st period - Shot Blocked by Tucker Poolman.
1:08 of 1st period - Snap shot by Maxime Sauvé.
1:08 of 1st period - Stopped by Connor Knapp with a rebound.
1:13 of 1st period - Snap shot by Dave Dziurzynski.
1:13 of 1st period - Shot Misses the Net.
1:15 of 1st period - Slapshot by Stefan Noesen.
1:15 of 1st period - Stopped by Connor Knapp without a rebound.
1:16 of 1st period - Radel Fazleev wins face-off versus Connor Chatam in Little Stars zone.
1:37 of 1st period - Kevin Roy is hit by Daniil Tarasov and loses puck.
2:00 of 1st period - Wrist shot by Samuel Blais.
2:00 of 1st period - Shot Misses the Net.
2:14 of 1st period - Ilya Mikheyev is hit by Dave Dziurzynski and loses puck.
2:21 of 1st period - Snap shot by Ilya Mikheyev.
2:21 of 1st period - Deflect By Jordan LaVallee.
2:21 of 1st period - Shot Misses the Net.
2:21 of 1st period - Puck is out of play.
2:22 of 1st period - Seth Griffith wins face-off versus Roman Horak in Wolfpack zone.
2:47 of 1st period - Stefan Noesen is hit by Eric Knodel and loses puck.
4:30 of 1st period - Slapshot by Maxime Sauvé.
4:30 of 1st period - Stopped by Connor Knapp without a rebound.
4:31 of 1st period - Jason Dickinson wins face-off versus Maxime Sauvé in Little Stars zone.
4:46 of 1st period - Wrist shot by Michael Mersch.
4:46 of 1st period - Deflect By Mikhail Sergachev.
4:46 of 1st period - Shot Misses the Net.
4:46 of 1st period - Puck is out of play.
4:47 of 1st period - Daniel O'regan wins face-off versus Henrik Samuelsson in Wolfpack zone.
4:48 of 1st period - Snap shot by Ilya Mikheyev.
4:48 of 1st period - Shot Misses the Net.
5:12 of 1st period - Michael Mersch is hit by Mikhail Sergachev and loses puck.
5:17 of 1st period - Slapshot by Dave Dziurzynski.
5:17 of 1st period - Shot Misses the Net.
5:19 of 1st period - Wrist shot by Stefan Noesen.
5:19 of 1st period - Deflect By Anton Cederholm.
5:19 of 1st period - Stopped by Connor Knapp with a rebound.
5:21 of 1st period - Snap shot by Stefan Noesen.
5:21 of 1st period - Stopped by Connor Knapp with a rebound.
5:40 of 1st period - Minor Penalty to Colton White for Interference.
5:41 of 1st period - Maxime Sauvé wins face-off versus Daniel O'regan in Wolfpack zone.
5:50 of 1st period - Wrist shot by Ilya Mikheyev.
5:50 of 1st period - Goal by Ilya Mikheyev - Little Stars : 1 - Wolfpack : 0.
5:51 of 1st period - Daniel O'regan wins face-off versus Maxime Sauvé in neutral zone.
6:17 of 1st period - Anton Cederholm is hit by Sebastian Collberg and loses puck.
7:04 of 1st period - Minor Penalty to Steven Santini for Holding.
7:05 of 1st period - Maxime Sauvé wins face-off versus Daniel O'regan in Wolfpack zone.
7:21 of 1st period - Snap shot by Daniel O'regan.
7:21 of 1st period - Shot Misses the Net.
7:31 of 1st period - Maxime Sauvé is hit by Michael Mersch and loses puck.
9:04 of 1st period - Penalty to Steven Santini is over, Steven Santini is back on ice.
9:38 of 1st period - Snap shot by Connor Chatam.
9:38 of 1st period - Stopped by Connor Knapp without a rebound.
9:39 of 1st period - Kevin Roy wins face-off versus Radel Fazleev in Little Stars zone.
9:50 of 1st period - Wrist shot by Kevin Roy.
9:50 of 1st period - Stopped by Connor Knapp without a rebound.
9:51 of 1st period - Maxime Sauvé wins face-off versus Daniel O'regan in Little Stars zone.
11:01 of 1st period - Slapshot by Seth Griffith.
11:01 of 1st period - Goal by Seth Griffith - Little Stars : 1 - Wolfpack : 1.
11:02 of 1st period - Maxime Sauvé wins face-off versus Daniel O'regan in neutral zone.
11:06 of 1st period - Icing by Daniel O'regan.
11:07 of 1st period - Maxime Sauvé wins face-off versus Daniel O'regan in Little Stars zone.
11:16 of 1st period - Slapshot by Dave Dziurzynski.
11:16 of 1st period - Stopped by Connor Knapp without a rebound.
11:17 of 1st period - Maxime Sauvé wins face-off versus Daniel O'regan in Little Stars zone.
11:24 of 1st period - Snap shot by Stefan Noesen.
11:24 of 1st period - Shot Misses the Net.
11:26 of 1st period - Slapshot by Vince Dunn.
11:26 of 1st period - Shot Blocked by Anton Cederholm.
11:28 of 1st period - Snap shot by Stefan Noesen.
11:28 of 1st period - Shot Blocked by Anton Cederholm.
11:30 of 1st period - Wrist shot by Maxime Sauvé.
11:30 of 1st period - Stopped by Connor Knapp with a rebound.
11:32 of 1st period - Wrist shot by Maxime Sauvé.
11:32 of 1st period - Stopped by Connor Knapp with a rebound.
12:07 of 1st period - Slapshot by Emile Poirier.
12:07 of 1st period - Shot Misses the Net.
12:41 of 1st period - Ilya Mikheyev is hit by Alexander Barabanov.
13:45 of 1st period - Wrist shot by Shane Gersich.
13:45 of 1st period - Shot Misses the Net.
13:47 of 1st period - Wrist shot by Anton Cederholm.
13:47 of 1st period - Stopped by Samuel Montembeault with a rebound.
13:49 of 1st period - Slapshot by Anton Cederholm.
13:49 of 1st period - Shot Blocked by Dave Dziurzynski.
13:51 of 1st period - Slapshot by Tyler Wotherspoon.
13:51 of 1st period - Shot Misses the Net.
13:53 of 1st period - Slapshot by Tyler Wotherspoon.
13:53 of 1st period - Stopped by Samuel Montembeault with a rebound.
14:05 of 1st period - Wrist shot by Jordan LaVallee.
14:05 of 1st period - Shot Misses the Net.
14:07 of 1st period - Slapshot by Eric Knodel.
14:07 of 1st period - Stopped by Samuel Montembeault with a rebound.
14:13 of 1st period - Wrist shot by Daniel O'regan.
14:13 of 1st period - Goal by Daniel O'regan - Little Stars : 2 - Wolfpack : 1.
14:14 of 1st period - Daniel O'regan wins face-off versus Maxime Sauvé in neutral zone.
14:28 of 1st period - Snap shot by Stefan Noesen.
14:28 of 1st period - Stopped by Connor Knapp with a rebound.
14:30 of 1st period - Snap shot by Dave Dziurzynski.
14:30 of 1st period - Stopped by Connor Knapp without a rebound.
14:31 of 1st period - Henrik Samuelsson wins face-off versus Jason Dickinson in Little Stars zone.
15:22 of 1st period - Off-side.
15:23 of 1st period - Roman Horak wins face-off versus Maxime Sauvé in neutral zone.
15:50 of 1st period - Icing by Jordan LaVallee.
15:51 of 1st period - Sebastian Collberg wins face-off versus Daniel O'regan in Little Stars zone.
15:54 of 1st period - Snap shot by Samuel Blais.
15:54 of 1st period - Stopped by Connor Knapp without a rebound.
15:55 of 1st period - Henrik Samuelsson wins face-off versus Daniel O'regan in Little Stars zone.
16:16 of 1st period - Snap shot by Henrik Samuelsson.
16:16 of 1st period - Shot Misses the Net.
16:18 of 1st period - Snap shot by Henrik Samuelsson.
16:18 of 1st period - Shot Blocked by Ville Pokka.
16:20 of 1st period - Wrist shot by Sebastian Collberg.
16:20 of 1st period - Shot Misses the Net.
16:26 of 1st period - Wrist shot by Henrik Samuelsson.
16:26 of 1st period - Shot Misses the Net.
16:28 of 1st period - Backhand shot by Sebastian Collberg.
16:28 of 1st period - Stopped by Connor Knapp without a rebound.
16:29 of 1st period - Jason Dickinson wins face-off versus Maxime Sauvé in Little Stars zone.
17:30 of 1st period - Wrist shot by Emile Poirier.
17:30 of 1st period - Stopped by Samuel Montembeault with a rebound.
17:32 of 1st period - Slapshot by Eric Knodel.
17:32 of 1st period - Stopped by Samuel Montembeault with a rebound.
17:34 of 1st period - Slapshot by Emile Poirier.
17:34 of 1st period - Stopped by Samuel Montembeault without a rebound.
17:35 of 1st period - Maxime Sauvé wins face-off versus Daniel O'regan in Wolfpack zone.
18:52 of 1st period - Slapshot by Kevin Roy.
18:52 of 1st period - Shot Blocked by Anton Cederholm.
18:58 of 1st period - Colton White is hit by Tyler Wotherspoon and loses puck.
19:22 of 1st period - Minor Penalty to Dave Dziurzynski for Interference.
19:23 of 1st period - Stefan Noesen wins face-off versus Daniel O'regan in Wolfpack zone.
19:53 of 1st period - Derrick Pouliot is hit by Michael Mersch and loses puck.
Goals for this period are 2 for Little Stars vs 1 for Wolfpack.
Shots for this period are 8 for Little Stars vs 16 for Wolfpack.
2nd period
0:01 of 2nd period - Maxime Sauvé wins face-off versus Daniel O'regan in neutral zone.
0:10 of 2nd period - Snap shot by Jordan LaVallee.
0:10 of 2nd period - Stopped by Samuel Montembeault with a rebound.
0:32 of 2nd period - Minor Penalty to Sebastian Wannstrom for Interference.
0:33 of 2nd period - Stefan Noesen wins face-off versus Daniel O'regan in Little Stars zone.
0:42 of 2nd period - Snap shot by Stefan Noesen.
0:42 of 2nd period - Stopped by Connor Knapp without a rebound.
0:43 of 2nd period - Daniel O'regan wins face-off versus Maxime Sauvé in Little Stars zone.
0:50 of 2nd period - Snap shot by Jordan LaVallee.
0:50 of 2nd period - Stopped by Samuel Montembeault with a rebound.
1:10 of 2nd period - Snap shot by Maxime Sauvé.
1:10 of 2nd period - Shot Misses the Net.
1:12 of 2nd period - Slapshot by Vince Dunn.
1:12 of 2nd period - Deflect By Tyler Wotherspoon.
1:12 of 2nd period - Stopped by Connor Knapp without a rebound.
1:13 of 2nd period - Maxime Sauvé wins face-off versus Daniel O'regan in Little Stars zone.
1:22 of 2nd period - Penalty to Dave Dziurzynski is over, Dave Dziurzynski is back on ice.
1:45 of 2nd period - Slapshot by Emile Poirier.
1:45 of 2nd period - Stopped by Samuel Montembeault without a rebound.
1:46 of 2nd period - Sebastian Collberg wins face-off versus Daniel O'regan in Wolfpack zone.
1:55 of 2nd period - Snap shot by Henrik Samuelsson.
1:55 of 2nd period - Goal by Henrik Samuelsson - Little Stars : 2 - Wolfpack : 2.
1:56 of 2nd period - Daniel O'regan wins face-off versus Maxime Sauvé in neutral zone.
1:59 of 2nd period - Wrist shot by Tyler Wotherspoon.
1:59 of 2nd period - Shot Misses the Net.
2:01 of 2nd period - Slapshot by Jordan LaVallee.
2:01 of 2nd period - Shot Misses the Net.
2:11 of 2nd period - Snap shot by Ilya Mikheyev.
2:11 of 2nd period - Stopped by Samuel Montembeault with a rebound.
2:17 of 2nd period - Minor Penalty to Maxime Sauvé for Holding.
2:18 of 2nd period - Seth Griffith wins face-off versus Daniel O'regan in Wolfpack zone.
2:31 of 2nd period - Snap shot by Ilya Mikheyev.
2:31 of 2nd period - Stopped by Samuel Montembeault without a rebound.
2:32 of 2nd period - Seth Griffith wins face-off versus Jordan LaVallee in Wolfpack zone.
2:41 of 2nd period - Seth Griffith is hit by Ilya Mikheyev and loses puck.
3:07 of 2nd period - Stefan Noesen is hit by Anton Cederholm and loses puck.
4:17 of 2nd period - Penalty to Maxime Sauvé is over, Maxime Sauvé is back on ice.
4:23 of 2nd period - Stefan Noesen is hit by Roman Horak and loses puck.
5:01 of 2nd period - Maxime Sauvé is hit by Zach Budish and loses puck.
5:14 of 2nd period - Slapshot by Derrick Pouliot.
5:14 of 2nd period - Stopped by Connor Knapp without a rebound.
5:14 of 2nd period - Minor Penalty to Connor Knapp for Slashing.
5:15 of 2nd period - Jordan LaVallee wins face-off versus Henrik Samuelsson in Little Stars zone.
5:15 of 2nd period - Jordan LaVallee is hit by Mikhail Sergachev.
6:44 of 2nd period - Anton Cederholm is hit by Stefan Noesen.
7:14 of 2nd period - Penalty to Daniil Tarasov is over, Daniil Tarasov is back on ice.
7:24 of 2nd period - Slapshot by Daniil Tarasov.
7:24 of 2nd period - Shot Blocked by Derrick Pouliot.
7:26 of 2nd period - Slapshot by Reece Willcox.
7:26 of 2nd period - Shot Blocked by Seth Griffith.
7:28 of 2nd period - Slapshot by Daniil Tarasov.
7:28 of 2nd period - Stopped by Samuel Montembeault without a rebound.
7:29 of 2nd period - Kevin Roy wins face-off versus Radel Fazleev in Wolfpack zone.
7:29 of 2nd period - Kevin Roy is hit by Daniil Tarasov.
7:54 of 2nd period - Jason Dickinson is hit by Seth Griffith and loses puck.
8:04 of 2nd period - Off-side.
8:05 of 2nd period - Maxime Sauvé wins face-off versus Daniel O'regan in neutral zone.
8:16 of 2nd period - Wrist shot by Ilya Mikheyev.
8:16 of 2nd period - Deflect By Daniel O'regan.
8:16 of 2nd period - Stopped by Samuel Montembeault without a rebound.
8:17 of 2nd period - Maxime Sauvé wins face-off versus Daniel O'regan in Wolfpack zone.
8:17 of 2nd period - Maxime Sauvé is hit by Tyler Wotherspoon.
8:50 of 2nd period - Snap shot by Jason Dickinson.
8:50 of 2nd period - Stopped by Samuel Montembeault with a rebound.
8:54 of 2nd period - Snap shot by Sebastian Wannstrom.
8:54 of 2nd period - Stopped by Samuel Montembeault without a rebound.
8:55 of 2nd period - Maxime Sauvé wins face-off versus Daniel O'regan in Wolfpack zone.
9:43 of 2nd period - Slapshot by Eric Knodel.
9:43 of 2nd period - Deflect By Connor Chatam.
9:43 of 2nd period - Stopped by Samuel Montembeault with a rebound.
9:45 of 2nd period - Slapshot by Emile Poirier.
9:45 of 2nd period - Shot Misses the Net.
10:06 of 2nd period - Off-side.
10:07 of 2nd period - Radel Fazleev wins face-off versus Seth Griffith in neutral zone.
10:12 of 2nd period - Wrist shot by Ryan Dzingel.
10:12 of 2nd period - Shot Blocked by Anton Cederholm.
10:34 of 2nd period - Slapshot by Tyler Wotherspoon.
10:34 of 2nd period - Stopped by Samuel Montembeault with a rebound.
10:52 of 2nd period - Wrist shot by Shane Gersich.
10:52 of 2nd period - Shot Blocked by Ryan Dzingel.
10:54 of 2nd period - Slapshot by Tyler Wotherspoon.
10:54 of 2nd period - Shot Blocked by Steven Santini.
11:02 of 2nd period - Wrist shot by Shane Gersich.
11:02 of 2nd period - Shot Misses the Net.
11:04 of 2nd period - Slapshot by Anton Cederholm.
11:04 of 2nd period - Stopped by Samuel Montembeault without a rebound.
11:05 of 2nd period - Daniel O'regan wins face-off versus Maxime Sauvé in Wolfpack zone.
11:26 of 2nd period - Minor Penalty to Dave Dziurzynski for Delaying the game.
11:27 of 2nd period - Maxime Sauvé wins face-off versus Daniel O'regan in Wolfpack zone.
12:10 of 2nd period - Snap shot by Ilya Mikheyev.
12:10 of 2nd period - Shot Blocked by Henrik Samuelsson.
12:12 of 2nd period - Snap shot by Daniel O'regan.
12:12 of 2nd period - Shot Misses the Net.
12:28 of 2nd period - Snap shot by Tyler Wotherspoon.
12:28 of 2nd period - Shot Blocked by Vince Dunn.
12:30 of 2nd period - Slapshot by Anton Cederholm.
12:30 of 2nd period - Stopped by Samuel Montembeault with a rebound.
12:32 of 2nd period - Slapshot by Jordan LaVallee.
12:32 of 2nd period - Shot Blocked by Vince Dunn.
12:34 of 2nd period - Snap shot by Jordan LaVallee.
12:34 of 2nd period - Deflect By Daniel O'regan.
12:34 of 2nd period - Shot Hit the Post.
12:34 of 2nd period - Puck is out of play.
12:35 of 2nd period - Maxime Sauvé wins face-off versus Jason Dickinson in Wolfpack zone.
13:26 of 2nd period - Penalty to Dave Dziurzynski is over, Dave Dziurzynski is back on ice.
13:26 of 2nd period - Icing by Tyler Wotherspoon.
13:27 of 2nd period - Seth Griffith wins face-off versus Jason Dickinson in Little Stars zone.
13:28 of 2nd period - Slapshot by Ryan Dzingel.
13:28 of 2nd period - Stopped by Connor Knapp without a rebound.
13:29 of 2nd period - Seth Griffith wins face-off versus Roman Horak in Little Stars zone.
13:44 of 2nd period - Backhand shot by Seth Griffith.
13:44 of 2nd period - Stopped by Connor Knapp with a rebound.
13:54 of 2nd period - Stefan Noesen is hit by Daniel O'regan and loses puck.
14:23 of 2nd period - Henrik Samuelsson is hit by Daniil Tarasov.
14:24 of 2nd period - Henrik Samuelsson from Wolfpack is injured at 14:24 of 2nd period (Right Foot).
14:25 of 2nd period - Daniel O'regan wins face-off versus Maxime Sauvé in Wolfpack zone.
14:28 of 2nd period - Wrist shot by Ilya Mikheyev.
14:28 of 2nd period - Shot Hit the Post.
14:30 of 2nd period - Slapshot by Tyler Wotherspoon.
14:30 of 2nd period - Shot Blocked by Dave Dziurzynski.
14:32 of 2nd period - Snap shot by Ilya Mikheyev.
14:32 of 2nd period - Goal by Ilya Mikheyev - Little Stars : 3 - Wolfpack : 2.
14:33 of 2nd period - Maxime Sauvé wins face-off versus Daniel O'regan in neutral zone.
15:02 of 2nd period - Sebastian Wannstrom is hit by Vince Dunn and loses puck.
15:17 of 2nd period - Zach Budish is hit by Ryan Dzingel and loses puck.
15:24 of 2nd period - Snap shot by Seth Griffith.
15:24 of 2nd period - Stopped by Connor Knapp with a rebound.
15:40 of 2nd period - Slapshot by Mikhail Sergachev.
15:40 of 2nd period - Deflect By Dave Dziurzynski.
15:40 of 2nd period - Shot Blocked by Eric Knodel.
15:40 of 2nd period - Puck is out of play.
15:41 of 2nd period - Daniel O'regan wins face-off versus Maxime Sauvé in Little Stars zone.
16:58 of 2nd period - Snap shot by Connor Chatam.
16:58 of 2nd period - Stopped by Connor Knapp with a rebound.
17:13 of 2nd period - Minor Penalty to Stefan Noesen for Interference.
17:14 of 2nd period - Daniel O'regan wins face-off versus Maxime Sauvé in Wolfpack zone.
19:13 of 2nd period - Penalty to Stefan Noesen is over, Stefan Noesen is back on ice.
19:16 of 2nd period - David Pope is hit by Zach Budish.
19:40 of 2nd period - Wrist shot by Samuel Blais.
19:40 of 2nd period - Goal by Samuel Blais - Little Stars : 3 - Wolfpack : 3.
19:41 of 2nd period - Stefan Noesen wins face-off versus Daniel O'regan in neutral zone.
Goals for this period are 1 for Little Stars vs 2 for Wolfpack.
Shots for this period are 14 for Little Stars vs 9 for Wolfpack.
3rd period
0:01 of 3rd period - Daniel O'regan wins face-off versus Maxime Sauvé in neutral zone.
0:16 of 3rd period - Jordan LaVallee is hit by Maxime Sauvé and loses puck.
0:56 of 3rd period - Slapshot by Mikhail Sergachev.
0:56 of 3rd period - Stopped by Connor Knapp without a rebound.
0:57 of 3rd period - Stefan Noesen wins face-off versus Jason Dickinson in Little Stars zone.
1:02 of 3rd period - Snap shot by Samuel Blais.
1:02 of 3rd period - Shot Misses the Net.
1:10 of 3rd period - Snap shot by Michael Mersch.
1:10 of 3rd period - Shot Blocked by Stefan Noesen.
1:12 of 3rd period - Slapshot by Anton Cederholm.
1:12 of 3rd period - Stopped by Samuel Montembeault with a rebound.
1:18 of 3rd period - Minor Penalty to Stefan Noesen for Cross-checking.
1:19 of 3rd period - Maxime Sauvé wins face-off versus Jason Dickinson in Wolfpack zone.
1:34 of 3rd period - Snap shot by Sebastian Wannstrom.
1:34 of 3rd period - Deflect By Steven Santini.
1:34 of 3rd period - Shot Misses the Net.
1:34 of 3rd period - Puck is out of play.
1:35 of 3rd period - Daniel O'regan wins face-off versus Maxime Sauvé in Wolfpack zone.
3:18 of 3rd period - Penalty to Stefan Noesen is over, Stefan Noesen is back on ice.
3:31 of 3rd period - Stefan Noesen is hit by Anton Cederholm and loses puck.
5:11 of 3rd period - Ville Pokka is hit by Connor Chatam and loses puck.
5:22 of 3rd period - Stefan Noesen is hit by Ville Pokka and loses puck.
5:43 of 3rd period - Seth Griffith is hit by Eric Knodel and loses puck.
5:50 of 3rd period - Backhand shot by Daniil Tarasov.
5:50 of 3rd period - Stopped by Samuel Montembeault with a rebound.
5:56 of 3rd period - Minor Penalty to David Pope for Charging.
5:57 of 3rd period - Jordan LaVallee wins face-off versus Maxime Sauvé in Wolfpack zone.
7:56 of 3rd period - Penalty to David Pope is over, David Pope is back on ice.
8:29 of 3rd period - Backhand shot by Ryan Dzingel.
8:29 of 3rd period - Shot Misses the Net.
8:31 of 3rd period - Wrist shot by Kevin Roy.
8:31 of 3rd period - Deflect By David Pope.
8:31 of 3rd period - Stopped by Connor Knapp without a rebound.
8:32 of 3rd period - Samuel Blais wins face-off versus Daniel O'regan in Little Stars zone.
9:10 of 3rd period - Off-side.
9:11 of 3rd period - Radel Fazleev wins face-off versus Kevin Roy in neutral zone.
9:18 of 3rd period - Slapshot by Tyler Wotherspoon.
9:18 of 3rd period - Stopped by Samuel Montembeault without a rebound.
9:19 of 3rd period - Stefan Noesen wins face-off versus Jordan LaVallee in Wolfpack zone.
9:19 of 3rd period - Stefan Noesen is hit by Daniel O'regan.
9:33 of 3rd period - Slapshot by Anton Cederholm.
9:33 of 3rd period - Stopped by Samuel Montembeault without a rebound.
9:34 of 3rd period - Sebastian Wannstrom wins face-off versus Maxime Sauvé in Wolfpack zone.
9:37 of 3rd period - Slapshot by Jason Dickinson.
9:37 of 3rd period - Stopped by Samuel Montembeault with a rebound.
9:39 of 3rd period - Wrist shot by Jason Dickinson.
9:39 of 3rd period - Stopped by Samuel Montembeault with a rebound.
10:01 of 3rd period - Samuel Blais is hit by Jordan LaVallee and loses puck.
10:14 of 3rd period - Backhand shot by Jordan LaVallee.
10:14 of 3rd period - Stopped by Samuel Montembeault with a rebound.
10:48 of 3rd period - Snap shot by Stefan Noesen.
10:48 of 3rd period - Shot Blocked by Shane Gersich.
10:50 of 3rd period - Snap shot by Steven Santini.
10:50 of 3rd period - Stopped by Connor Knapp with a rebound.
12:10 of 3rd period - Ryan Culkin is hit by Michael Mersch and loses puck.
12:25 of 3rd period - Slapshot by Seth Griffith.
12:25 of 3rd period - Stopped by Connor Knapp without a rebound.
12:26 of 3rd period - Daniel O'regan wins face-off versus Seth Griffith in Little Stars zone.
13:04 of 3rd period - Icing by Jason Dickinson.
13:05 of 3rd period - Samuel Blais wins face-off versus Jason Dickinson in Little Stars zone.
13:10 of 3rd period - Slapshot by Sebastian Collberg.
13:10 of 3rd period - Stopped by Connor Knapp with a rebound.
13:40 of 3rd period - Jordan LaVallee is hit by Seth Griffith and loses puck.
14:05 of 3rd period - Tucker Poolman is hit by Vince Dunn and loses puck.
14:18 of 3rd period - Snap shot by Sebastian Wannstrom.
14:18 of 3rd period - Shot Misses the Net.
14:20 of 3rd period - Snap shot by Jason Dickinson.
14:20 of 3rd period - Stopped by Samuel Montembeault with a rebound.
14:24 of 3rd period - Slapshot by Michael Mersch.
14:24 of 3rd period - Shot Blocked by Mikhail Sergachev.
14:26 of 3rd period - Slapshot by Tucker Poolman.
14:26 of 3rd period - Stopped by Samuel Montembeault without a rebound.
14:27 of 3rd period - Daniel O'regan wins face-off versus Seth Griffith in Wolfpack zone.
14:30 of 3rd period - Snap shot by Jordan LaVallee.
14:30 of 3rd period - Stopped by Samuel Montembeault without a rebound.
14:31 of 3rd period - Daniel O'regan wins face-off versus Seth Griffith in Wolfpack zone.
15:04 of 3rd period - Slapshot by Tyler Wotherspoon.
15:04 of 3rd period - Stopped by Samuel Montembeault without a rebound.
15:05 of 3rd period - Zach Budish wins face-off versus Dave Dziurzynski in Wolfpack zone.
15:09 of 3rd period - Minor Penalty to Dave Dziurzynski for Holding Stick.
15:10 of 3rd period - Daniel O'regan wins face-off versus Maxime Sauvé in Wolfpack zone.
15:19 of 3rd period - Off-side.
15:20 of 3rd period - Maxime Sauvé wins face-off versus Daniel O'regan in neutral zone.
15:23 of 3rd period - Tyler Wotherspoon is hit by Stefan Noesen and loses puck.
15:48 of 3rd period - Snap shot by Daniel O'regan.
15:48 of 3rd period - Shot Blocked by Steven Santini.
15:50 of 3rd period - Snap shot by Jordan LaVallee.
15:50 of 3rd period - Deflect By Ilya Mikheyev.
15:50 of 3rd period - Stopped by Samuel Montembeault without a rebound.
15:51 of 3rd period - Seth Griffith wins face-off versus Jason Dickinson in Wolfpack zone.
15:51 of 3rd period - Seth Griffith is hit by Sebastian Wannstrom.
16:01 of 3rd period - Wrist shot by Michael Mersch.
16:01 of 3rd period - Shot Misses the Net.
16:03 of 3rd period - Slapshot by Eric Knodel.
16:03 of 3rd period - Stopped by Samuel Montembeault without a rebound.
16:04 of 3rd period - Daniel O'regan wins face-off versus Seth Griffith in Wolfpack zone.
16:40 of 3rd period - Off-side.
16:41 of 3rd period - Daniel O'regan wins face-off versus Maxime Sauvé in neutral zone.
17:09 of 3rd period - Penalty to Dave Dziurzynski is over, Dave Dziurzynski is back on ice.
18:17 of 3rd period - Jordan LaVallee is hit by Dave Dziurzynski and loses puck.
18:29 of 3rd period - Off-side.
18:30 of 3rd period - Michael Mersch wins face-off versus Kevin Roy in neutral zone.
19:41 of 3rd period - Snap shot by Emile Poirier.
19:41 of 3rd period - Shot Blocked by Colton White.
Goals for this period are 0 for Little Stars vs 0 for Wolfpack.
Shots for this period are 13 for Little Stars vs 5 for Wolfpack.
Overtime #1
0:01 of 1st overtime period - Daniel O'regan wins face-off versus Maxime Sauvé in neutral zone.
0:04 of 1st overtime period - Maxime Sauvé is hit by Anton Cederholm.
0:10 of 1st overtime period - Tyler Wotherspoon is hit by Mikhail Sergachev and loses puck.
0:51 of 1st overtime period - Snap shot by Dave Dziurzynski.
0:51 of 1st overtime period - Deflect By Samuel Blais.
0:51 of 1st overtime period - Stopped by Connor Knapp with a rebound.
0:53 of 1st overtime period - Wrist shot by Vince Dunn.
0:53 of 1st overtime period - Deflect By Jason Dickinson.
0:53 of 1st overtime period - Stopped by Connor Knapp with a rebound.
1:43 of 1st overtime period - Dave Dziurzynski is hit by Emile Poirier and loses puck.
2:37 of 1st overtime period - Michael Mersch is hit by Seth Griffith.
4:04 of 1st overtime period - Reece Willcox is hit by Colton White and loses puck.
Goals for this period are 0 for Little Stars vs 0 for Wolfpack.
Shots for this period are 0 for Little Stars vs 2 for Wolfpack.
ShootOut
5:00 of 1st overtime period - Round #1.
5:00 of 1st overtime period - Little Stars, Jordan LaVallee.
5:00 of 1st overtime period - Snap shot by Jordan LaVallee.
5:00 of 1st overtime period - Shot Misses the Net.
5:00 of 1st overtime period - Wolfpack, Maxime Sauvé.
5:00 of 1st overtime period - Backhand shot by Maxime Sauvé.
5:00 of 1st overtime period - Stopped by Connor Knapp.
5:00 of 1st overtime period - Round #2.
5:00 of 1st overtime period - Little Stars, Ilya Mikheyev.
5:00 of 1st overtime period - Backhand shot by Ilya Mikheyev.
5:00 of 1st overtime period - Stopped by Samuel Montembeault.
5:00 of 1st overtime period - Wolfpack, Stefan Noesen.
5:00 of 1st overtime period - Snap shot by Stefan Noesen.
5:00 of 1st overtime period - Stopped by Connor Knapp.
5:00 of 1st overtime period - Round #3.
5:00 of 1st overtime period - Little Stars, Daniel O'regan.
5:00 of 1st overtime period - Snap shot by Daniel O'regan.
5:00 of 1st overtime period - Shot Misses the Net.
5:00 of 1st overtime period - Wolfpack, Dave Dziurzynski.
5:00 of 1st overtime period - Wrist shot by Dave Dziurzynski.
5:00 of 1st overtime period - Stopped by Connor Knapp.
5:00 of 1st overtime period - Round #4.
5:00 of 1st overtime period - Little Stars, Sebastian Wannstrom.
5:00 of 1st overtime period - Backhand shot by Sebastian Wannstrom.
5:00 of 1st overtime period - Shot Misses the Net.
5:00 of 1st overtime period - Wolfpack, David Pope.
5:00 of 1st overtime period - Snap shot by David Pope.
5:00 of 1st overtime period - Shot Misses the Net.
5:00 of 1st overtime period - Round #5.
5:00 of 1st overtime period - Little Stars, Zach Budish.
5:00 of 1st overtime period - Wrist shot by Zach Budish.
5:00 of 1st overtime period - Goal by Zach Budish.
5:00 of 1st overtime period - Wolfpack, Seth Griffith.
5:00 of 1st overtime period - Wrist shot by Seth Griffith.
5:00 of 1st overtime period - Goal by Seth Griffith.
5:00 of 1st overtime period - Round #6.
5:00 of 1st overtime period - Little Stars, Jason Dickinson.
5:00 of 1st overtime period - Backhand shot by Jason Dickinson.
5:00 of 1st overtime period - Shot Misses the Net.
5:00 of 1st overtime period - Wolfpack, Ryan Dzingel.
5:00 of 1st overtime period - Wrist shot by Ryan Dzingel.
5:00 of 1st overtime period - Goal by Ryan Dzingel.